 Dungeon Crawl Stone Soup version 0.31-a0-217-g58bb5d79cf (webtiles) character file.

Game seed: 6925803693253116420

459 qw the Chopper (level 7, -7/43 HPs)
             Began as a Gargoyle Fighter on July 2, 2023.
             Mangled by an ogre
             ... wielding a +0 giant club
              (9 damage)
             ... on level 5 of the Dungeon.
             The game lasted 00:01:50 (3210 turns).

qw the Chopper (Gargoyle Fighter)                   Turns: 3210, Time: 00:01:51

Health: -7/43      AC: 17    Str: 22    XL:     7   Next: 6%
Magic:  7/7        EV:  6    Int:  8    God:
Gold:   290        SH:  4    Dex:  9    Spells: 6/6 levels left

rFire   . . .        Y - +1 war axe
rCold   . . .        c - +0 buckler
rNeg    + . .        o - +0 plate armour
rPois   inf          f - +0 helmet
rElec   +            (no cloak)
rCorr   .            (no gloves)
SInv    .            (no boots)
Will    .....        (no amulet) Stlth
                     (no ring)
HPRegen 0.27/turn    (no ring)
MPRegen 0.10/turn

%: no passive effects
@: about to teleport
A: sickness immunity, AC +4, negative energy resistance 1, electricity
resistance, torment resistance 1, petrification resistance
a: no special abilities


You were on level 5 of the Dungeon.
You visited 1 branch of the dungeon, and saw 5 of its levels.
You also visited: Sewer.

You collected 290 gold pieces.


Innate Abilities, Weirdness & Mutations

You are immune to sickness and miasma.
Your stone body is resilient. (AC +4)
You are immune to poison.
You resist negative energy. (rN+)
You are resistant to electric shocks. (rElec)
You are resistant to unholy torment.
You are immune to petrification.


   Skills:
 - Level 4.1 Fighting
 + Level 6.0 Axes
 - Level 4.1 Armour
 - Level 0.1 Dodging
 - Level 3.2 Shields


You had 6 spell levels left.
You didn't know any spells.
Your spell library was empty.

Inventory:

Hand Weapons
 b - a +0 flail of holy wrath
 Y - a +1 war axe (weapon)
Armour
 c - a +0 buckler (worn)
 f - a +0 helmet (worn)
 o - a +0 plate armour (worn)
Scrolls
 a - 2 scrolls of identify
Potions
 d - 2 potions of might
 e - a potion of attraction
 g - 2 potions of resistance
 h - 4 potions of curing
 k - a potion of haste {unknown}
 l - a potion of lignification

Dungeon Overview and Level Annotations

Branches:
Dungeon (5/15)              Sewer (visited)
 Temple: D:4-7

Altars:
Makhleb
Ru
Vehumet

Shops:
D:2 [


Message History

You closely miss the orc.
The orc is severely wounded.
The orc hits you but does no damage. x2
You barely miss the orc.
The orc is severely wounded.
The orc barely misses you.
You hit the orc.
You kill the orc!
You see here a +0 hand axe.
There is an open door here.
The ogre shouts!
Enter note:
Enter note:
Enter note:
Enter note: You hit the ogre.
The ogre is lightly wounded.
The ogre hits you but does no damage.
You barely miss the ogre.
The ogre is lightly wounded.
The ogre hits you with a +0 giant club!
You hit the ogre.
The ogre is lightly wounded.
The ogre hits you with a +0 giant club!
You closely miss the ogre.
The ogre is lightly wounded.
The ogre hits you with a +0 giant club!
3207 ||| READING scroll of teleportation.
As you read the scroll of teleportation, it crumbles to dust.
You feel strangely unstable.
3208 ||| DRINKING potion of heal wounds.
You feel much better.
The ogre hits you with a +0 giant club!!
You barely miss the ogre.
The ogre is lightly wounded.
The ogre hits you with a +0 giant club!
You barely miss the ogre.
The ogre is lightly wounded.
The ogre hits you with a +0 giant club!
You die...

### ...
###.#####
#@O.....#
#.#.###.#
#.# # #.#
####.#
#....#
#.#### #
#.# .#
#.###
#'##


You could see an ogre.

Vanquished Creatures
  A centaur (D:5)
  A hound (D:5)
  An orc priest (D:3)
  An iguana (D:5)
  An orc wizard (D:4)
  A statue (D:3)
  Robin (D:2)
  4 gnolls (D:5)
  8 adders
  A river rat (Sewer)
  2 ufetubi
  3 dart slugs
  11 orcs
  8 ball pythons
  3 endoplasms
  4 giant cockroaches
  13 goblins
  10 hobgoblins
  4 jackals (D:5)
  11 kobolds
  3 quokkas
  2 bats
  2 frilled lizards
  8 rats
104 creatures vanquished.

Notes
Turn   | Place    | Note
-------+----------+-------------------------------------------
     0 | D:1      | qw the Gargoyle Fighter began the quest for the Orb.
     0 | D:1      | Reached XP level 1. HP: 14/14 MP: 1/1
     0 | D:1      | 0 ||| qw: Version: 0.3-a-40-ge99b1a8
     0 | D:1      | 0 ||| qw: Game counter: 136
     0 | D:1      | 0 ||| qw: Melee chars always use a shield: true
     0 | D:1      | 0 ||| qw: God list: Okawaru
     0 | D:1      | 0 ||| qw: Allow faded altars: false
     0 | D:1      | 0 ||| qw: Do Orc after clearing Dungeon:15 true
     0 | D:1      | 0 ||| qw: Do second Lair branch before Depths: true
     0 | D:1      | 0 ||| qw: Lair rune preference: random
     0 | D:1      | 0 ||| qw: Goals: Normal, Zot:1-4, Slime:5, God:TSO, Crypt,
                  | Tomb, Abyss, Pan, Hells, Win
     0 | D:1      | 0 ||| PLANNING D:1-11
    26 | D:1      | 26 ||| Stepping ~*~*~tactically~*~*~ (stealth).
    35 | D:1      | Reached skill level 2 in Axes
    77 | D:1      | 77 ||| Stepping ~*~*~tactically~*~*~ (stealth).
    86 | D:1      | Reached XP level 2. HP: 19/19 MP: 2/2
   217 | D:1      | 217 ||| DROPPING +0 club.
   234 | D:1      | Found a faded altar of an unknown god.
   416 | D:1      | Reached skill level 3 in Axes
   517 | D:1      | 517 ||| UPGRADING to +0 helmet.
   522 | D:1      | 522 ||| READING scroll labelled ROJACOA GECO.
   623 | D:1      | 623 ||| READING scroll labelled GYBLEV IMMIX.
   624 | D:1      | 624 ||| DRINKING 2 fizzy purple potions.
   651 | D:2      | Found Sirchepomm's Armour Emporium.
   659 | D:2      | Reached XP level 3. HP: 22/23 MP: 3/3
   669 | D:2      | 669 ||| SHOPLISTING +0 tower shield (54 gold, have 44).
   669 | D:2      | 669 ||| SHOPLISTING +1 shadow dragon scales of the Orb
                  | {rPois Will+ Stlth++++} (1214 gold, have 44).
   709 | D:2      | 709 ||| Stepping ~*~*~tactically~*~*~ (hiding).
   836 | D:2      | 836 ||| Stepping ~*~*~tactically~*~*~ (stealth).
   851 | D:2      | Noticed Robin
   890 | D:2      | Killed Robin
   891 | D:2      | Reached XP level 4. HP: 15/28 MP: 4/4
  1118 | D:2      | Reached skill level 4 in Axes
  1219 | D:2      | 1219 ||| READING scroll labelled FUC AL QYDA.
  1220 | D:2      | 1220 ||| READING scroll labelled VUVAEQ BIMOJA.
  1221 | D:2      | 1221 ||| READING scroll labelled IZOSKI KOITAVI.
  1246 | D:3      | 1246 ||| PLANNING SEWER
  1309 | D:3      | Found a radiant altar of Vehumet.
  1309 | D:3      | Noticed a frost-covered statue
  1318 | D:3      | Killed a frost-covered statue
  1403 | D:3      | Found a glowing drain.
  1420 | D:3      | Reached XP level 5. HP: 32/32 MP: 5/5
  1451 | Sewer    | Entered a sewer
  1562 | Sewer    | Reached skill level 5 in Axes
  1630 | Sewer    | 1630 ||| READING scroll labelled FOROVE OJIAWNU.
  1631 | Sewer    | 1631 ||| DRINKING 2 inky potions.
  1677 | D:3      | 1677 ||| PLANNING D:1-11
  1830 | D:3      | 1830 ||| Stepping ~*~*~tactically~*~*~ (hiding).
  1897 | D:3      | 1897 ||| DROPPING +0 whip.
  1946 | D:3      | Found a sacrificial altar of Ru.
  2122 | D:3      | 2122 ||| UPGRADING to +0 chain mail.
  2132 | D:3      | 2132 ||| DROPPING +0 scale mail.
  2133 | D:3      | 2133 ||| READING 2 scrolls labelled SAEJEPNOCIL.
  2137 | D:3      | 2137 ||| READING 2 scrolls of identify.
  2137 | D:3      | 2137 ||| IDENTIFYING silvery potion
  2197 | D:4      | Reached XP level 6. HP: 38/38 MP: 6/6
  2200 | D:4      | Found a burning altar of Makhleb.
  2267 | D:4      | 2267 ||| Stepping ~*~*~tactically~*~*~ (hiding).
  2405 | D:4      | 2405 ||| DROPPING +0 mace.
  2670 | D:4      | 2670 ||| UPGRADING to +0 plate armour.
  2680 | D:4      | 2680 ||| DROPPING +0 chain mail.
  2681 | D:4      | 2681 ||| DROPPING ring of flight.
  2682 | D:4      | 2682 ||| DRINKING 3 fizzy golden potions.
  2787 | D:4      | 2787 ||| DRINKING 2 black potions.
  2809 | D:4      | 2809 ||| DROPPING 2 potions of berserk rage.
  2838 | D:5      | Entered Level 5 of the Dungeon
  3065 | D:5      | 3065 ||| DROPPING +0 flail.
  3068 | D:5      | 3068 ||| Stepping ~*~*~tactically~*~*~ (hiding).
  3070 | D:5      | 3070 ||| Stepping ~*~*~tactically~*~*~ (hiding).
  3086 | D:5      | Reached skill level 6 in Axes
  3149 | D:5      | Reached XP level 7. HP: 43/43 MP: 7/7
  3153 | D:5      | 3153 ||| Stepping ~*~*~tactically~*~*~ (stealth).
  3154 | D:5      | 3154 ||| Stepping ~*~*~tactically~*~*~ (stealth).
  3206 | D:5      | HP: 7/43 [ogre/+0 giant club (15)]
  3207 | D:5      | 3207 ||| READING scroll of teleportation.
  3208 | D:5      | 3208 ||| DRINKING potion of heal wounds.
  3209 | D:5      | HP: 2/43 [ogre/+0 giant club (16)]
  3210 | D:5      | Mangled by an ogre

Levels and vault maps discovered:
D:1:      roderic_dead_forest, layout_basic, dreamdust_ecumenical_altar_statues,
          hangedman_decor_push, minmay_pentomino_q2
D:2:      layout_rooms, serial_shops, shop, uniq_robin
D:3:      layout_rooms, vehumet_statue, nicolae_ru_awakened_eye,
          gup_sewer_entry_glass, columned_hall_lemuel, kennysheep_nub,
          chequers_serial_rivers_marsh, minmay_misc_feat_square
D:4:      layout_basic, lightli_temple_of_fire
D:5:      layout_loops_corners

Skill      XL: |  1  2  3  4  5  6 |
---------------+-------------------+-----
Axes           | 2 3 4 5 6 |  6.0
Fighting       | 4 |  4.1
Armour         | 4 |  4.1
Dodging        | |  0.1
Shields        | |  3.2

Action                     |  1- 3 |  4- 6 |  7- 9 || total
---------------------------+-------+-------+-------++-------
  Melee: War axe           |   102 |   165 |    12 ||   279
  Throw: Boomerang         |       |     3 |       ||     3
    Use: Scroll            |     2 |     6 |     1 ||     9
         Potion            |     1 |     3 |     1 ||     5
 Armour: Scale mail        |    55 |    57 |       ||   112
         Chain mail        |       |    27 |       ||    27
         Plate armour      |       |    40 |     5 ||    45
  Dodge: Dodged            |    46 |    69 |     2 ||   117
  Block: Buckler           |    22 |    36 |       ||    58

Table legend:
 A = Non-vault XP
 B = Vault XP
 C = Vault XP percentage of total XP
 D = Non-vault monster count
 E = Vault monster count
 F = Vault count percentage of total count
                 A         B        C        D         E       F
            +---------+---------+-------+---------+---------+-------
      Total |     535 |     121 |  18.4 |      76 |      28 |  26.9
            +---------+---------+-------+---------+---------+-------
        D:1 |      26 |       4 |  13.3 |      15 |       2 |  11.8
        D:2 |      46 |      34 |  42.5 |      14 |      11 |  44.0
        D:3 |     123 |      60 |  32.8 |      17 |       4 |  19.0
        D:4 |      78 |       0 |   0.0 |      17 |       0 |   0.0
        D:5 |     262 |       0 |   0.0 |      13 |       0 |   0.0
      Sewer |       0 |      23 | 100.0 |       0 |      11 | 100.0
            +---------+---------+-------+---------+---------+-------
